 Dungeon Crawl Stone Soup version 0.18-a0-1745-gffa9a88 (webtiles) character file.

36 inmateoo the Skirmisher (level 3, -2/31 HPs)
             Began as a Minotaur Necromancer on Apr 12, 2016.
             Slain by a kobold
             ... wielding a +2 short sword of freezing
              (3 damage)
             ... on level 3 of the Dungeon.
             The game lasted 00:01:06 (1544 turns).

inmateoo the Skirmisher (Minotaur Necromancer)      Turns: 1544, Time: 00:01:07

Health: -2/31      AC:  5    Str: 13    XL:     3   Next: 19%
Magic:  4/4        EV: 10    Int: 15    God:
Gold:   106        SH:  0    Dex: 10    Spells: 1 memorised, 3 levels left

rFire  . . .     SeeInvis .     d - +0 club
rCold  . . .     Gourm    .     e - +0 ring mail
rNeg   . . .     Faith    .     (no shield)
rPois  .         Spirit   .     (helmet restricted)
rElec  .         Dismiss  .     (no cloak)
rCorr  .         Reflect  .     (no gloves)
SustAt .         Harm     .     (no boots)
MR     .....                    (no amulet)
Stlth  +.........               (no ring)
                                f - +3 ring of intelligence

@: lethally poisoned (-2 -> -5), not resistant to hostile enchantments, very
unstealthy
A: retaliatory headbutt, horns 2
a: no special abilities


You were on level 3 of the Dungeon.
You were very hungry.

You visited 1 branch of the dungeon, and saw 3 of its levels.

You collected 106 gold pieces.

Inventory:

Hand Weapons
 d - a +0 club (weapon)
Armour
 e - a +0 ring mail (worn)
Jewellery
 f - a +3 ring of intelligence (left hand)
Wands
 g - a wand of random effects (16/48)
Scrolls
 h - a scroll of enchant armour {unknown}
Books
 b - a book of Necromancy

   Spells                             Type                      Level
   a - Pain                           Necromancy                   1
   b - Animate Skeleton               Necromancy                   1
   c - Vampiric Draining              Necromancy                   3
   d - Regeneration                   Charms/Necromancy            3
   e - Animate Dead                   Necromancy                   4
   f - Control Undead                 Necromancy                   4
Comestibles
 c - a bread ration


   Skills:
 + Level 3.5 Fighting
 - Level 2.1 Dodging
 - Level 1.5 Stealth
 - Level 1.3 Spellcasting
 - Level 2.9 Necromancy


You had 3 spell levels left.
You knew the following spells:

 Your Spells              Type           Power        Failure   Level  Hunger
a - Pain                  Necr           #...         17%         1    ##.....


Dungeon Overview and Level Annotations

Branches:
Dungeon (3/15)

Altars:


Innate Abilities, Weirdness & Mutations

You reflexively headbutt those who attack you in melee.
You have a pair of horns on your head.


Message History

You feel stronger.
Save game and exit? [Y]es or [N]o only, please.
Save game and exit? [Y]es or [N]o only, please.
Save game and exit? [Y]es or [N]o only, please.
Save game and exit? [Y]es or [N]o only, please.
Save game and exit? [Y]es or [N]o only, please.
Save game and exit?
Okay, then.
You barely miss the kobold.
* * * LOW HITPOINT WARNING * * *
You feel sick. The kobold hits you but does no damage.
You barely miss the kobold. The kobold closely misses you.
You furiously retaliate!
You headbutt the kobold.
The kobold hits you with a short sword of freezing.
You die...

####### #.#... #######?....#
#...#
#...........#########..#####
#....$......#..............#
#...........#.####.........#
#...........#.##<#....>....#
#........####....#.........#
#........#########..........
#####.#.KSK@..# #.###.###.#
#.#######.# #.# .# .. #.# #
#.# .# ... #.# ... ... ...


You could see a ball python and 2 kobolds.

Vanquished Creatures
  2 adders
  A giant cockroach (D:1)
  2 goblins (D:1)
  2 hobgoblins (D:1)
  5 kobolds (D:1)
  A bat (D:1)
  5 rats
18 creatures vanquished.

Notes
Turn   | Place    | Note
--------------------------------------------------------------
     0 | D:1      | inmateoo the Minotaur Necromancer began the quest for the Orb.
     0 | D:1      | Reached XP level 1. HP: 14/14 MP: 1/1
    83 | D:1      | Reached skill level 1 in Fighting
   231 | D:1      | Reached skill level 2 in Fighting
   231 | D:1      | Reached XP level 2. HP: 24/24 MP: 3/3
   953 | D:2      | Reached skill level 3 in Fighting
  1541 | D:3      | HP: 1/26 [poisoned by an adder]
  1542 | D:3      | Reached XP level 3. HP: 2/31 MP: 4/4
  1544 | D:3      | Slain by a kobold

Vault maps used:
D:1:      dpeg_arrival_boxes_within_box
D:2:      gammafunk_temple_overflow_wave
D:3:      ecumenical_altar_1

Skill      XL: |  1  2 |
---------------+-------+-----
Fighting       | 2 3 |  3.5
Dodging        | |  2.1
Stealth        | |  1.5
Spellcasting   | |  1.3
Necromancy     | |  2.9

Action                   || total
-------------------------++-------
Melee: Club              ||    71
       Unarmed           ||     6
  Use: Potion            ||     2
  Eat: Chunk             ||     1
